 Dungeon Crawl Stone Soup version 0.21-a0-72-gbbb65ab (webtiles) character file.

263 Kaishin the Chiller (level 5, -7/35 HPs)
             Began as a Demonspawn Ice Elementalist on June 19, 2017.
             Was an Initiate of Cheibriados.
             Killed by divine providence
             ... invoked by an orc priest
              (11 damage)
             ... on level 4 of the Dungeon.
             The game lasted 00:10:51 (4709 turns).

Kaishin the Chiller (Demonspawn Ice Elementalist)   Turns: 4709, Time: 00:10:53

Health: -7/35      AC:  3    Str: 12    XL:     5   Next: 98%
Magic:  8/8        EV: 14    Int: 19    God:    Cheibriados [......]
Gold:   109        SH:  0    Dex: 14    Spells: 2/8 levels left

rFire    . . .     SeeInvis +   t - +5 spear "Booravor" {drain, Str+3}
rCold    . . .     Gourm    .   (no shield)
rNeg     . . .     Faith    .   k - +0 leather armour
rPois    .         Spirit   .   (no helmet)
rElec    .         Reflect  .   (no cloak)
rCorr    .         Harm     .   (no gloves)
MR       .....                  (no boots)
Stlth    ++........             (no amulet)
HPRegen  0.11/turn              r - ring of see invisible
MPRegen  0.11/turn              (no ring)

@: about to teleport, very slow
A: repulsion field 1, spiny 1
a: Bend Time, Renounce Religion


You were on level 4 of the Dungeon.
You worshipped Cheibriados.
Cheibriados was noncommittal.
You were very hungry.

You visited 1 branch of the dungeon, and saw 4 of its levels.

You collected 109 gold pieces.

Inventory:

Hand Weapons
 g - a +0 dagger
 t - the +5 spear "Booravor" (weapon) {drain, Str+3}
   (You found it on level 4 of the Dungeon)

   A truly terrible weapon, it drains the life of those it strikes.
   It affects your strength (+3).
Armour
 a - a +0 robe
 k - a +0 leather armour (worn)
Jewellery
 r - a ring of see invisible (left hand)
Scrolls
 f - 2 scrolls of remove curse {unknown}
 h - 2 scrolls of blinking {unknown}
 i - a scroll of teleportation
 j - 2 scrolls of magic mapping {unknown}
 l - 2 scrolls of identify
 n - a scroll of amnesia {unknown}
 o - a scroll of recharging {unknown}
 p - a scroll of fog {unknown}
Potions
 d - 2 potions of curing {unknown}
 e - a potion of invisibility {unknown}
 m - a potion of agility {unknown}
 q - a potion of cancellation {unknown}
 s - a potion of heal wounds {unknown}
 u - 2 potions of berserk rage {unknown}
Books
 b - a book of Frost

   Spells                             Type                      Level
   a - Freeze                         Ice                          1
   b - Throw Frost                    Conjuration/Ice              2
   c - Ozocubu's Armour               Charms/Ice                   3
   d - Throw Icicle                   Conjuration/Ice              4
   e - Summon Ice Beast               Ice/Summoning                4
Comestibles
 c - 2 bread rations


   Skills:
 - Level 1.7 Dodging
 - Level 1.7 Stealth
 - Level 2.0 Spellcasting
 - Level 1.0 Conjurations
 * Level 5.9 Ice Magic
 * Level 2.0 Invocations


You had 2 spell levels left.
You knew the following spells:

 Your Spells              Type           Power        Failure   Level  Hunger
a - Freeze                Ice            ###.         1%          1    #......
b - Throw Frost           Conj/Ice       ###...       8%          2    ###....
c - Ozocubu's Armour      Chrm/Ice       ##......     19%         3    ###....


Dungeon Overview and Level Annotations

Branches:
Dungeon (4/15)
 Temple: D:4-7

Altars:
Cheibriados
Elyvilon
Kikubaaqudgha
Makhleb
Ru
Vehumet
Wu Jian

Annotations:
D:3 exclusion: centaur


Innate Abilities, Weirdness & Mutations

You are surrounded by a mild repulsion field. (EV +2)
You are partially covered in sharp spines.


Message History

Beogh smites you!
* * * LOW HITPOINT WARNING * * *
The orc priest looks satisfied for a moment.
The orc priest shouts!
An orc comes into view. It is wielding a dagger.
The orc shouts!
You hear a shout!
Unknown command.
As you read the scroll labeled MIASSA GAKOP, it crumbles to dust.
It is a scroll of identify.
i - 2 scrolls of teleportation The orc priest looks encouraged for a moment.
An orc priest comes into view.
As you read the scroll of teleportation, it crumbles to dust.
You feel strangely unstable.
The orc priest invokes the aid of Beogh against you.
Pain shoots through your body!
* * * LOW HITPOINT WARNING * * *
The orc priest mumbles some strange prayers to Beogh against you.
Beogh smites you!
You die...

..........(..(..#.####.#.#....#.#
....####..##....#......#...##.#.#
.......##.##.........##########.#
.......##..#.........'..........#
...........#...#.....############
...........#...#.....#
...........#...#########
............#.......?...
.......###......@.......
.......###..............
.###...#.......#.o......
.+_'...........#...oo...
.####......)...#........
...............#....o...
.........#.........o....
.#......................
.#...............#


You could see 3 orc priests, an orc wizard and an orc.

Vanquished Creatures
  An orc priest (D:4)
  An orc wizard (D:4)
  2 worker ants (D:4)
  6 adders
  6 worms
  A dart slug (D:1)
  3 leopard geckos
  6 orcs
  8 bats
  2 giant cockroaches
  10 goblins
  11 hobgoblins
  2 quokkas
  6 frilled lizards
  8 kobolds
  A leopard gecko skeleton (D:4)
  11 rats
85 creatures vanquished.

Notes
Turn   | Place    | Note
-------+----------+-------------------------------------------
     0 | D:1      | Kaishin the Demonspawn Ice Elementalist began the quest for the Orb.
     0 | D:1      | Reached XP level 1. HP: 13/13 MP: 3/3
   205 | D:1      | Reached skill level 3 in Ice Magic
   260 | D:1      | Gained mutation: You are partially covered in sharp spines. [demonic ancestry]
   260 | D:1      | Reached XP level 2. HP: 9/19 MP: 0/5
   871 | D:1      | You fall through a shaft!
   907 | D:2      | Found an ancient bone altar of Kikubaaqudgha.
   914 | D:2      | Found a sacrificial altar of Ru.
   961 | D:2      | Reached XP level 3. HP: 21/24 MP: 4/6
  1127 | D:2      | Found a white marble altar of Elyvilon.
  1146 | D:2      | Found a radiant altar of Vehumet.
  1171 | D:2      | Reached skill level 4 in Ice Magic
  1785 | D:2      | Reached XP level 4. HP: 30/30 MP: 4/7
  3312 | D:3      | Reached skill level 5 in Ice Magic
  3339 | D:3      | Noticed a centaur
  3450 | D:3      | Noticed an ice beast
  3625 | D:3      | Found an ornate altar of the Wu Jian Council.
  3644 | D:3      | Found a burning altar of Makhleb.
  3908 | D:4      | Gained mutation: You are surrounded by a mild repulsion field. (EV +2) [demonic ancestry]
  3908 | D:4      | Reached XP level 5. HP: 35/35 MP: 5/8
  3956 | D:4      | Learned a level 2 spell: Throw Frost
  3960 | D:4      | Learned a level 3 spell: Ozocubu's Armour
  4201 | D:4      | Found a snail-covered altar of Cheibriados.
  4337 | D:4      | Became a worshipper of Cheibriados the Contemplative
  4478 | D:4      | Got a smoking spear
  4479 | D:4      | Identified the +5 spear "Booravor" {drain, Str+3} (You found it on level 4 of the Dungeon)
  4586 | D:4      | Reached skill level 1 in Invocations
  4709 | D:4      | Killed from afar by an orc priest

Vault maps used:
D:1:      ncdulo_wetmaze
D:2:      amethyst_overflow_temple_binary, overflow_temple_1_default,
          old_standard_altar, st_stairs_13
D:3:      lemuel_crystal_altar, lightli_temple_of_fire
D:4:      kennysheep_mini, first_bread

Skill      XL: |  1  2  3  4  5 |
---------------+----------------+-----
Ice Magic      | 3 4 5 |  5.9
Invocations    | 2 |  2.0
Dodging        | |  1.7
Stealth        | |  1.7
Spellcasting   | |  2.0
Conjurations   | |  1.0

Action                   |  1- 3 |  4- 6 || total
-------------------------+-------+-------++-------
Melee: Unarmed           |    25 |     2 ||    27
       Dagger            |       |    39 ||    39
       Spear             |       |     2 ||     2
 Cast: Freeze            |    45 |    64 ||   109
  Use: Scroll            |       |     2 ||     2
 Stab: Sleeping          |       |     8 ||     8
  Eat: Chunk             |     3 |     9 ||    12
Armor: Robe              |     6 |     8 ||    14
       Leather armour    |       |     8 ||     8
Dodge: Dodged            |    40 |    41 ||    81
